 Dungeon Crawl Stone Soup version 0.28.0 (webtiles) character file.

Game seed: 922083944837983602

57 DildoBatman the Conjurer (level 4, 0/28 (30) HPs)
             Began as a Formicid Conjurer on Feb 6, 2022.
             Constricted to death by a ball python (1 damage)
             ... on level 3 of the Dungeon.
             The game lasted 00:03:45 (1376 turns).

DildoBatman the Conjurer (Formicid Conjurer)        Turns: 1376, Time: 00:03:46

HP:   0/28 (30)     AC:  2    Str: 12    XL:     4   Next: 18%
MP:   7/7           EV:  9    Int: 17    God:
Gold: 52            SH:  0    Dex: 11    Spells: 4/7 levels left

rFire   . . .      SeeInvis +   a - +2 dagger (elec)
rCold   . . .      Faith    .   (no shield)
rNeg    . . .      Spirit   .   h - +0 robe
rPois   .          Reflect  .   (helmet unavailable)
rElec   .          Harm     .   (no cloak)
rCorr   .          Rampage  .   (no gloves)
Will    .....                   (no boots)
Stlth   ++........              (no amulet)
HPRegen 0.09/turn               (no ring)
MPRegen 0.10/turn               (no ring)

@: constricted, drained
A: permanent stasis, dig shafts and tunnels, antennae 3, four strong arms
a: Dig, Shaft Self


You were on level 3 of the Dungeon.
You visited 1 branch of the dungeon, and saw 3 of its levels.

You collected 52 gold pieces.

Inventory:

Hand Weapons
 a - a +2 dagger of electrocution (weapon)
Missiles
 f - 37 stones
 i - 2 poisoned darts
 j - 59 bolts
Armour
 h - a +0 robe (worn)
Scrolls
 d - a scroll of fear {unknown}
 e - 2 scrolls of teleportation {unknown}
 k - a scroll of immolation {unknown}
 m - a scroll of magic mapping {unknown}
Potions
 b - a potion of haste {unknown}
 c - a potion of brilliance {unknown}
 g - a potion of invisibility {unknown}
 l - a potion of curing {unknown}


   Skills:
 - Level 1.7 Dodging
 - Level 2.4 Stealth
 - Level 2.1 Spellcasting
 * Level 5.0 Conjurations


You had 4 spell levels left.
You knew the following spells:

 Your Spells              Type           Power      Damage    Failure   Level
a - Searing Ray           Conj           36%        2d5       3%          2
c - Magic Dart            Conj           72%        1d6       2%          1

Your spell library contained the following spells:

 Spells                   Type           Power      Damage    Failure   Level
 Sting                    Tmut/Pois      4%         1d3       19%         1
 Dazzling Flash           Conj/Hex       20%        N/A       21%         3
 Fulminant Prism          Conj/Hex       5%         3d7       56%         4
 Iskenderun's Mystic Bla  Conj/Tloc      10%        2d4       56%         4


Dungeon Overview and Level Annotations

Branches:
Dungeon (2/15)

Altars:
Sif Muna

Shops:
D:2 :


Innate Abilities, Weirdness & Mutations

You cannot be hasted, slowed, berserked, paralysed or teleported.
You can dig through walls and to a lower floor.
You have a pair of large antennae on your head. (SInv)
Your four strong arms can wield two-handed weapons with a shield.


Message History

g - Guard the area. f - Follow me.
Anything else - Cancel.
You shout for attention!
The frilled lizard closely misses you. The ball python closely misses you.
The ball python misses you. What are your orders? t - Shout!
Orders for allies: a - Attack new target. r - Retreat! s - Stop attacking. g - Guard the area. f - Follow me.
Anything else - Cancel.
You shout for attention!
The frilled lizard bites you but does no damage.
The ball python closely misses you. The ball python grabs you.
The ball python constricts you. What are your orders? t - Shout!
Orders for allies: a - Attack new target. r - Retreat! s - Stop attacking. g - Guard the area. f - Follow me.
Anything else - Cancel.
You shout for attention!
The frilled lizard bites you. The ball python closely misses you.
The ball python constricts you. What are your orders? t - Shout!
Orders for allies: a - Attack new target. r - Retreat! s - Stop attacking. g - Guard the area. f - Follow me.
Anything else - Cancel.
You shout for attention!
The ball python barely misses you. The ball python constricts you.
The frilled lizard closely misses you. The ball python bites you.
The ball python constricts you.
You die...

{ { { ## #... #..
## .#.#
###...#####..##...
#....[.@lggb?[#..
#.####.#S#K..)#.#
#.#.##.(##.#
##.#..####..#
#..........# {
#..#####.#.# .....
#.#.# ###.# #.#..
#. ......


You could see a hobgoblin, a goblin, a bat, a ball python, a kobold and a
frilled lizard.

Vanquished Creatures
  3 adders (D:2)
  A dart slug (D:1)
  3 bats (D:2)
  2 endoplasms (D:1)
  2 giant cockroaches (D:2)
  4 hobgoblins
  2 kobolds (D:2)
  2 quokkas (D:1)
  4 ball pythons
  3 frilled lizards (D:1)
  A goblin (D:1)
  A rat (D:1)
28 creatures vanquished.

Notes
Turn   | Place    | Note
-------+----------+-------------------------------------------
     0 | D:1      | DildoBatman the Formicid Conjurer began the quest for the
                  | Orb.
     0 | D:1      | Reached XP level 1. HP: 13/13 MP: 3/3
   166 | D:1      | You fall into a shaft and drop 1 floor!
   245 | D:2      | Reached skill level 4 in Conjurations
   245 | D:2      | Reached XP level 2. HP: 19/19 MP: 5/5
   248 | D:2      | Learned a level 2 spell: Searing Ray
   445 | D:2      | Reached XP level 3. HP: 24/24 MP: 1/6
   569 | D:1      | Found a faded altar of an unknown god.
   577 | D:1      | Got Plato's Volume of Intoxication
   970 | D:2      | Found a shimmering blue altar of Sif Muna.
   970 | D:2      | Found Buisad's Book Emporium.
  1188 | D:2      | Reached XP level 4. HP: 30/30 MP: 2/7
  1297 | D:2      | Reached skill level 5 in Conjurations
  1347 | D:2      | You fall into a shaft and drop 1 floor!
  1376 | D:3      | HP: 1/28 [ball python (2)]
  1376 | D:3      | Constricted to death by a ball python

Illustrated notes

Levels and vault maps discovered:
D:1:      heliophobic_arrival_glass_houses, layout_basic,
          shapermc_ecumenical_altar_rom_forum, minmay_crystal_water
D:2:      layout_rooms, serial_shops, shop, basic_altar
D:3:      layout_loops_corners, minmay_joined_circles

Skill      XL: |  1  2  3  4 |
---------------+-------------+-----
Conjurations   | 4 5 |  5.0
Dodging        | |  1.7
Stealth        | |  2.4
Spellcasting   | |  2.1

Action                   |  1- 3 |  4- 6 || total
-------------------------+-------+-------++-------
Melee: Dagger            |    49 |     2 ||    51
       Unarmed           |     2 |       ||     2
 Cast: Magic Dart        |    19 |       ||    19
       Searing Ray       |     4 |       ||     4
 Abil: Dig               |       |     1 ||     1
       Shaft Self        |       |     1 ||     1
 Stab: Sleeping          |     4 |       ||     4
Armor: Robe              |    10 |     8 ||    18
Dodge: Dodged            |    37 |    22 ||    59
